3L
HOUSTON 1837 COLT .45S @ RICHARDSON CITY THUNDERCATS
09/01/2018
 
TOP OF THE 1ST
Houston 1837 Colt .45s batting - Pitching for Richardson City Thundercats : LHP Javier Ramírez
Pitching: LHP Javier Ramírez
Batting: RHB Rodrigo Luna 0-0: Called Strike
0-1: Called Strike
0-2: Ball
1-2: Ball
2-2: Fly out, F8 (Flyball, 8LM)
Batting: LHB Pedro Moreno 0-0: Swinging Strike
0-1: Called Strike
0-2: Strikes out swinging
Batting: RHB Carlos Vela 0-0: Ball
1-0: Ball
2-0: Called Strike
2-1: Ball
3-1: Foul Ball, location: 2F
3-2: SINGLE (Groundball, 56)
Batting: RHB Rob Warner 0-0: Ball
1-0: Ball
2-0: Called Strike
2-1: Foul Ball, location: 2F
2-2: Ball
3-2: Fly out, F4 (Popup, 3F)
Top of the 1st over - 0 run(s), 1 hit(s), 0 error(s), 1 left on base; Houston 1837 0 - Richardson City 0
BOTTOM OF THE 1ST
Richardson City Thundercats batting - Pitching for Houston 1837 Colt .45s : RHP Gary Bailey
Pitching: RHP Gary Bailey
Batting: RHB John MacGregor 0-0: Called Strike
0-1: Called Strike
0-2: Strikes out swinging
Batting: LHB Terrence Eler 0-0: Foul Ball, location: 2F
0-1: Foul Ball, location: 2F
0-2: Strikes out swinging
Batting: RHB José Rodríguez 0-0: Called Strike
0-1: Ball
1-1: Ball
2-1: Ball
3-1: DOUBLE (Flyball, 9LM)
Batting: RHB Júlio Morín 0-0: Ball
1-0: Called Strike
1-1: Ball
2-1: Ball
3-1: Base on Balls
Batting: LHB Casey Bright 0-0: Called Strike
0-1: Called Strike
0-2: Ball
1-2: Strikes out looking
Bottom of the 1st over - 0 run(s), 1 hit(s), 0 error(s), 2 left on base; Houston 1837 0 - Richardson City 0
TOP OF THE 2ND
Houston 1837 Colt .45s batting - Pitching for Richardson City Thundercats : LHP Javier Ramírez
Batting: RHB Kyle Taylor 0-0: Ball
1-0: Foul Ball, location: 2F
1-1: Foul Ball, location: 2F
1-2: Ball
2-2: Ball
3-2: Foul Ball, location: 2F
3-2: Ground out 6-3 (Groundball, 6MS)
Batting: LHB Vance Cannon 0-0: Swinging Strike
0-1: Ball
1-1: Ball
2-1: Foul Ball, location: 2F
2-2: Foul Ball, location: 2F
2-2: Fly out, F4 (Popup, 4MD)
Batting: LHB Juan Rodríguez 0-0: Ground out U3 (Groundball, 3S)
Top of the 2nd over - 0 run(s), 0 hit(s), 0 error(s), 0 left on base; Houston 1837 0 - Richardson City 0
BOTTOM OF THE 2ND
Richardson City Thundercats batting - Pitching for Houston 1837 Colt .45s : RHP Gary Bailey
Batting: RHB Robert O'Connor 0-0: Ball
1-0: Foul Ball, location: 2F
1-1: Called Strike
1-2: Ball
2-2: Ground out 5-3 (Groundball, 56)
Batting: RHB Randy García 0-0: Ball
1-0: Ball
2-0: Called Strike
2-1: Ball
3-1: Fly out, F8 (Flyball, 8RD)
Batting: LHB Javier Ramírez 0-0: Called Strike
0-1: Foul Ball, location: 2F
0-2: Strikes out swinging
Bottom of the 2nd over - 0 run(s), 0 hit(s), 0 error(s), 0 left on base; Houston 1837 0 - Richardson City 0
TOP OF THE 3RD
Houston 1837 Colt .45s batting - Pitching for Richardson City Thundercats : LHP Javier Ramírez
Batting: LHB Kyle Bass 0-0: Ball
1-0: Called Strike
1-1: Ball
2-1: Foul Ball, location: 2F
2-2: Foul Ball, location: 2F
2-2: Strikes out swinging
Batting: RHB Gary Bailey 0-0: Ball
1-0: Ground out 5-3 (Groundball, 5L)
Batting: RHB Rodrigo Luna 0-0: Called Strike
0-1: Ball
1-1: Ball
2-1: Called Strike
2-2: Ground out 5-3 (Groundball, 5)
Top of the 3rd over - 0 run(s), 0 hit(s), 0 error(s), 0 left on base; Houston 1837 0 - Richardson City 0
BOTTOM OF THE 3RD
Richardson City Thundercats batting - Pitching for Houston 1837 Colt .45s : RHP Gary Bailey
Batting: RHB Edmund Gallagher 0-0: Swinging Strike
0-1: Ball
1-1: Ball
2-1: Called Strike
2-2: Ball
3-2: Foul Ball, location: 2F
3-2: Ground out 1-3 (Groundball, 13S)
Batting: RHB John MacGregor 0-0: Called Strike
0-1: Called Strike
0-2: Ball
1-2: Ball
2-2: Strikes out looking
Batting: LHB Terrence Eler 0-0: Foul Ball, location: 2F
0-1: Ball
1-1: Ball
2-1: Ball
3-1: Called Strike
3-2: Strikes out swinging
Bottom of the 3rd over - 0 run(s), 0 hit(s), 0 error(s), 0 left on base; Houston 1837 0 - Richardson City 0
TOP OF THE 4TH
Houston 1837 Colt .45s batting - Pitching for Richardson City Thundercats : LHP Javier Ramírez
Batting: LHB Pedro Moreno 0-0: Called Strike
0-1: Called Strike
0-2: Ball
1-2: SINGLE (Flyball, 8RS)
Batting: RHB Carlos Vela 0-0: Ball
1-0: Ball
2-0: Ball
3-0: Called Strike
3-1: Foul Ball, location: 2F
3-2: Ground out 5-3 (Groundball, 5S)
Pedro Moreno to second
Batting: RHB Rob Warner 0-0: Called Strike
0-1: Ball
1-1: Ball
2-1: Ball
3-1: SINGLE (Line Drive, 6MD)
Pedro Moreno to third
Batting: RHB Kyle Taylor 0-0: Ball
1-0: Ball
2-0: Called Strike
2-1: Ball
3-1: Foul Ball, location: 2F
3-2: Foul Ball, location: 2F
3-2: Fly out, F8 (Line Drive, 8LS)
Batting: LHB Vance Cannon 0-0: Ball
1-0: Ball
Wild Pitch!
Pedro Moreno scores
Rob Warner to second
2-0: Ball
3-0: Called Strike
3-1: Base on Balls
Batting: LHB Juan Rodríguez 0-0: Called Strike
0-1: Ball
1-1: Ball
2-1: Ball
3-1: Foul Ball, location: 2F
3-2: Strikes out swinging
Top of the 4th over - 1 run(s), 2 hit(s), 0 error(s), 2 left on base; Houston 1837 1 - Richardson City 0
BOTTOM OF THE 4TH
Richardson City Thundercats batting - Pitching for Houston 1837 Colt .45s : RHP Gary Bailey
Batting: RHB José Rodríguez 0-0: Ball
1-0: Called Strike
1-1: Called Strike
1-2: Ball
2-2: Foul Ball, location: 2F
2-2: DOUBLE (Line Drive, 9LS)
Batting: RHB Júlio Morín 0-0: Called Strike
0-1: Swinging Strike
0-2: Ball
1-2: Foul Ball, location: 2F
1-2: Ball
2-2: SINGLE (Groundball, 15) (infield hit)
José Rodríguez to third
Batting: LHB Casey Bright 0-0: Called Strike
0-1: Foul Ball, location: 2F
0-2: Reached on Error, E4 (Line Drive, 4)
José Rodríguez scores
Júlio Morín to second
Batting: RHB Robert O'Connor 0-0: Called Strike
0-1: Ball
Wild Pitch!
Júlio Morín to third
Casey Bright to second
1-1: Foul Ball, location: 2F
1-2: Strikes out swinging
Batting: RHB Randy García 0-0: Ball
1-0: Fly out, F9 (Flyball, 89M)
Batting: LHB Javier Ramírez 0-0: Called Strike
0-1: Foul Ball, location: 2F
0-2: Ball
1-2: Ground out 1-3 (Groundball, 23)
Bottom of the 4th over - 1 run(s), 2 hit(s), 1 error(s), 2 left on base; Houston 1837 1 - Richardson City 1
TOP OF THE 5TH
Houston 1837 Colt .45s batting - Pitching for Richardson City Thundercats : LHP Javier Ramírez
Batting: LHB Kyle Bass 0-0: Foul Ball, location: 2F
0-1: Ball
1-1: Ball
2-1: Fly out, F4 (Popup, 4)
Batting: RHB Gary Bailey 0-0: Swinging Strike
0-1: Ball
1-1: Ball
2-1: Foul Ball, location: 2F
2-2: Ball
3-2: Strikes out swinging
Batting: RHB Rodrigo Luna 0-0: Called Strike
0-1: Ball
1-1: Ball
2-1: Called Strike
2-2: Strikes out looking
Top of the 5th over - 0 run(s), 0 hit(s), 0 error(s), 0 left on base; Houston 1837 1 - Richardson City 1
BOTTOM OF THE 5TH
Richardson City Thundercats batting - Pitching for Houston 1837 Colt .45s : RHP Gary Bailey
Batting: RHB Edmund Gallagher 0-0: Ball
1-0: Called Strike
1-1: Swinging Strike
1-2: Ball
2-2: Strikes out swinging
Batting: RHB John MacGregor 0-0: Fly out, F6 (Popup, 5D)
Batting: LHB Terrence Eler 0-0: Ball
1-0: Swinging Strike
1-1: Ball
2-1: Swinging Strike
2-2: Ball
3-2: Strikes out swinging
Bottom of the 5th over - 0 run(s), 0 hit(s), 0 error(s), 0 left on base; Houston 1837 1 - Richardson City 1
TOP OF THE 6TH
Houston 1837 Colt .45s batting - Pitching for Richardson City Thundercats : LHP Javier Ramírez
Batting: LHB Pedro Moreno 0-0: Swinging Strike
0-1: Foul Ball, location: 2F
0-2: Strikes out swinging
Batting: RHB Carlos Vela 0-0: SINGLE (Flyball, 89M)
Batting: RHB Rob Warner 0-0: Ball
1-0: Called Strike
1-1: Ball
2-1: SINGLE (Groundball, 6MD)
Carlos Vela to second
Pitching: RHP Javier Fandez
Batting: RHB Kyle Taylor 0-0: Ball
1-0: Called Strike
1-1: Ball
2-1: Grounds into double play, 6-4-3 (Groundball, 6)
Top of the 6th over - 0 run(s), 2 hit(s), 0 error(s), 1 left on base; Houston 1837 1 - Richardson City 1
BOTTOM OF THE 6TH
Richardson City Thundercats batting - Pitching for Houston 1837 Colt .45s : RHP Gary Bailey
Batting: RHB José Rodríguez 0-0: Ball
1-0: Called Strike
1-1: Called Strike
1-2: Foul Ball, location: 2F
1-2: Ball
2-2: Ground out 5-3 (Groundball, 56)
Batting: RHB Júlio Morín 0-0: Fly out, F5 (Popup, 5F)
Batting: LHB Casey Bright 0-0: Swinging Strike
0-1: Called Strike
0-2: Ball
1-2: Fly out, F7 (Flyball, 7D)
Bottom of the 6th over - 0 run(s), 0 hit(s), 0 error(s), 0 left on base; Houston 1837 1 - Richardson City 1
TOP OF THE 7TH
Houston 1837 Colt .45s batting - Pitching for Richardson City Thundercats : RHP Javier Fandez
Pitching: LHP John Keller
Now at SS: Miguel Saldaña
Batting: LHB Vance Cannon 0-0: Ball
1-0: Foul Ball, location: 2F
1-1: Fly out, F7 (Line Drive, 7S)
Batting: LHB Juan Rodríguez 0-0: Ball
1-0: Ball
2-0: Foul Ball, location: 2F
2-1: SINGLE (Groundball, 34)
Pitching: RHP Nathan Rutgers
Batting: LHB Kyle Bass 0-0: Called Strike
0-1: SINGLE (Groundball, 34S)
Juan Rodríguez to second
Runner from 2nd tries for 3rd, SAFE, no throw or cutoff
Pinch Hitting: LHB George Valentine 0-0: Called Strike
0-1: Ball
1-1: Ground out 5-3 (Groundball, 5S)
Juan Rodríguez scores
Kyle Bass to second
Batting: RHB Rodrigo Luna 0-0: SINGLE (Groundball, 56)
Kyle Bass to third
Runner from 3rd tries for Home, SAFE, throw made home
Rodrigo Luna to second
Pitching: RHP Kenshin Koike
Batting: LHB Pedro Moreno 0-0: Called Strike
0-1: Foul Ball, location: 2F
0-2: Ball
1-2: Ball
2-2: Ball
3-2: Fly out, F4 (Popup, 4)
Top of the 7th over - 2 run(s), 3 hit(s), 0 error(s), 1 left on base; Houston 1837 3 - Richardson City 1
BOTTOM OF THE 7TH
Richardson City Thundercats batting - Pitching for Houston 1837 Colt .45s : RHP Gary Bailey
Pitching: LHP Jerry Clephane
Batting: RHB Robert O'Connor 0-0: Ball
1-0: Ball
2-0: Fly out, F9 (Flyball, 89D)
Batting: RHB Randy García 0-0: Called Strike
0-1: Called Strike
0-2: Ball
1-2: Ground out 6-3 (Groundball, 6)
Batting: RHB Miguel Saldaña 0-0: Ball
1-0: Called Strike
1-1: Ball
2-1: Called Strike
2-2: Foul Ball, location: 2F
2-2: Ground out 5-3 (Groundball, 5S)
Bottom of the 7th over - 0 run(s), 0 hit(s), 0 error(s), 0 left on base; Houston 1837 3 - Richardson City 1
TOP OF THE 8TH
Houston 1837 Colt .45s batting - Pitching for Richardson City Thundercats : RHP Kenshin Koike
Batting: RHB Carlos Vela 0-0: Called Strike
0-1: Ground out 1-3 (Groundball, 13S)
Batting: RHB Rob Warner 0-0: Ball
1-0: Ball
2-0: Swinging Strike
2-1: Fly out, F9 (Flyball, 9M)
Batting: RHB Kyle Taylor 0-0: Ball
1-0: Swinging Strike
1-1: Foul Ball, location: 2F
1-2: Ball
2-2: Fly out, F9 (Flyball, 89D)
Top of the 8th over - 0 run(s), 0 hit(s), 0 error(s), 0 left on base; Houston 1837 3 - Richardson City 1
BOTTOM OF THE 8TH
Richardson City Thundercats batting - Pitching for Houston 1837 Colt .45s : LHP Jerry Clephane
Batting: RHB Edmund Gallagher 0-0: Ball
1-0: Swinging Strike
1-1: Swinging Strike
1-2: Ball
2-2: Ball
3-2: Strikes out swinging
Pinch Hitting: RHB Randall Parkinson 0-0: Ball
1-0: Ball
2-0: Called Strike
2-1: Fly out, F8 (Flyball, 8LM)
Batting: LHB Terrence Eler 0-0: SINGLE (Groundball, 3)
Pitching: RHP Ramón Aguilera
Batting: RHB José Rodríguez 0-0: Called Strike
0-1: Ball
1-1: Ball
2-1: Foul Ball, location: 2F
2-2: Fly out, F3 (Popup, 3SF)
Bottom of the 8th over - 0 run(s), 1 hit(s), 0 error(s), 1 left on base; Houston 1837 3 - Richardson City 1
TOP OF THE 9TH
Houston 1837 Colt .45s batting - Pitching for Richardson City Thundercats : RHP Kenshin Koike
Pitching: RHP Dave Reed
Batting: LHB Vance Cannon 0-0: Foul Ball, location: 2F
0-1: Swinging Strike
0-2: Ball
1-2: Ground out 4-3 (Groundball, 4MS)
Batting: LHB Juan Rodríguez 0-0: Ball
1-0: Fly out, F8 (Line Drive, 8RM)
Batting: LHB Kyle Bass 0-0: Foul Ball, location: 2F
0-1: Ball
1-1: Ground out U3 (Groundball, 3)
Top of the 9th over - 0 run(s), 0 hit(s), 0 error(s), 0 left on base; Houston 1837 3 - Richardson City 1
BOTTOM OF THE 9TH
Richardson City Thundercats batting - Pitching for Houston 1837 Colt .45s : RHP Ramón Aguilera
Pitching: LHP Augusto Jaramillo
Batting: RHB Júlio Morín 0-0: SINGLE (Line Drive, 89S)
Batting: LHB Casey Bright 0-0: Ball
1-0: Ball
2-0: Ball
3-0: Base on Balls
Júlio Morín to second
Batting: RHB Robert O'Connor 0-0: Ball
1-0: Ball
2-0: Ball
3-0: Base on Balls
Júlio Morín to third
Casey Bright to second
Batting: RHB Randy García 0-0: Ball
1-0: Called Strike
1-1: Ball
2-1: Fly out, F9 (Line Drive, 9D)
Runner from 3rd tags up, SCORES, throw made
Batting: RHB Miguel Saldaña 0-0: SINGLE (Flyball, 7S)
Casey Bright to third
Robert O'Connor to second
Runner from 3rd tries for Home, SAFE, throw made home
Robert O'Connor to third
Miguel Saldaña to second
Batting: RHB Edmund Gallagher 0-0: Intentional Walk
Pitching: LHP Mike Terry
Pinch Hitting: RHB Will Thomas 0-0: Called Strike
0-1: Ball
1-1: Called Strike
1-2: Ball
2-2: Strikes out looking
Batting: LHB Terrence Eler 0-0: Called Strike
0-1: Fly out, F8 (Flyball, 8RS)
Bottom of the 9th over - 2 run(s), 2 hit(s), 0 error(s), 3 left on base; Houston 1837 3 - Richardson City 3
TOP OF THE 10TH
Houston 1837 Colt .45s batting - Pitching for Richardson City Thundercats : RHP Dave Reed
Pitching: RHP David St. John
Pinch Hitting: LHB Bob Hensley 0-0: Ball
1-0: Called Strike
1-1: Ground out 4-3 (Groundball, 4)
Batting: RHB Rodrigo Luna 0-0: Called Strike
0-1: Called Strike
0-2: Strikes out looking
Batting: LHB Pedro Moreno 0-0: Ball
1-0: Foul Ball, location: 2F
1-1: Foul Ball, location: 2F
1-2: Fly out, F8 (Flyball, 89D)
Top of the 10th over - 0 run(s), 0 hit(s), 0 error(s), 0 left on base; Houston 1837 3 - Richardson City 3
BOTTOM OF THE 10TH
Richardson City Thundercats batting - Pitching for Houston 1837 Colt .45s : LHP Mike Terry
Pitching: LHP Emílio Martínez
Batting: RHB José Rodríguez 0-0: Ball
1-0: Ground out 5-3 (Groundball, 5)
Batting: RHB Júlio Morín 0-0: Called Strike
0-1: Called Strike
0-2: Foul Ball, location: 2F
0-2: Ball
1-2: SINGLE (Groundball, 56D)
Pinch Runner at 1st Clarence Fox:
Batting: LHB Casey Bright 0-0: Called Strike
Clarence Fox steals 2nd base
0-1: Ball
1-1: Ball
2-1: Foul Ball, location: 2F
2-2: Ball
3-2: Fly out, F8 (Flyball, 8RS)
Batting: RHB Robert O'Connor 0-0: Ball
1-0: Foul Ball, location: 2F
1-1: Foul Ball, location: 2F
1-2: 2-RUN HOME RUN (Flyball, 7D), Distance : 375 ft
This league is powered by Out of the Park Baseball, the baseball management simulation game for PC, Mac and Linux
Monday, May 4th, 2015 - OOTP Baseball 15.6 Build 34